[Event "ICC tourney 2189 (3 2)"]
[Site "Internet Chess Club"]
[Date "2020.12.09"]
[Round "5"]
[White "DrKnight01"]
[Black "PotatoCaboose"]
[Result "1-0"]
[ICCResult "Black checkmated"]
[WhiteElo "1216"]
[BlackElo "1050"]
[Opening "French: advance variation"]
[ECO "C02"]
[NIC "FR.03"]
[Time "21:27:00"]
[PlyCount "41"]
[TimeControl "180+2"]


1. d4 e6 2. e4 d5 3. e5 Bb4+ 4. Bd2 Bxd2+ 5. Qxd2 Nc6 6. Nc3 Qh4 7. O-O-O
Nge7 8. Bb5 a6 9. Bxc6+ Nxc6 10. Nf3 Qg4 11. h3 Qxg2 12. Nh4 Qxh1 13. Rxh1
b5 14. Qg5 O-O 15. Rg1 g6 16. Qf6 Ne7 17. Qxe7 f6 18. exf6 Rf7 19. Qe8+ Rf8
20. Rxg6+ Kh8 21. Qxf8# { Black checkmated } 1-0

[Event "ICC tourney 2189 (3 2)"]
[Site "Internet Chess Club"]
[Date "2020.12.09"]
[Round "5"]
[White "chesswarriors12"]
[Black "Green-Lantern"]
[Result "0-1"]
[ICCResult "White checkmated"]
[WhiteElo "1431"]
[BlackElo "1749"]
[Opening "Old Indian defense"]
[ECO "A54"]
[NIC "OI.07"]
[Time "21:27:06"]
[PlyCount "64"]
[TimeControl "180+2"]


1. d4 d6 2. c4 Nf6 3. Nf3 Nbd7 4. Nc3 e5 5. dxe5 dxe5 6. e4 Be7 7. Bd3 c6
8. O-O h6 9. Be3 Qc7 10. a3 g5 11. h3 Nf8 12. b4 g4 13. hxg4 Bxg4 14. Be2
Ng6 15. Nh2 Be6 16. b5 Rd8 17. Qc2 cxb5 18. Nxb5 Qc6 19. Nxa7 Qxe4 20. Qxe4
Nxe4 21. Bf3 Nd2 22. Bxd2 Rxd2 23. Rfc1 Bc5 24. Nb5 Nf4 25. Nc7+ Ke7 26.
Nxe6 Kxe6 27. Rf1 Rg8 28. g3 Bxf2+ 29. Kh1 Bxg3 30. Ng4 h5 31. Ne3 Rh2+ 32.
Kg1 Nh3# { White checkmated } 0-1

[Event "ICC tourney 2189 (3 2)"]
[Site "Internet Chess Club"]
[Date "2020.12.09"]
[Round "5"]
[White "EntropyDarkEn"]
[Black "AdityaBang"]
[Result "0-1"]
[ICCResult "White checkmated"]
[WhiteElo "1264"]
[BlackElo "1408"]
[Opening "King's Indian: fianchetto with ...Nc6"]
[ECO "E62"]
[NIC "KI.72"]
[Time "21:26:56"]
[PlyCount "62"]
[TimeControl "180+2"]


1. c4 d6 2. Nc3 Nf6 3. d4 g6 4. Nf3 Bg7 5. g3 Nc6 6. Bg2 O-O 7. O-O Nd7 8.
e3 e5 9. a3 f5 10. dxe5 Ndxe5 11. Qc2 Nxc4 12. Nd4 Nxd4 13. exd4 Nb6 14.
Ne2 c6 15. Rb1 Be6 16. b4 d5 17. Nf4 Bd7 18. Bb2 g5 19. Nd3 f4 20. Nc5 Bf5
21. Nd3 Bg6 22. Qd1 Qf6 23. Rc1 f3 24. Bh3 h5 25. g4 hxg4 26. Bxg4 Bf5 27.
Ne5 Bxg4 28. Nxg4 Qf4 29. Ne5 Bxe5 30. dxe5 Qg4+ 31. Kh1 Qg2# { White
checkmated } 0-1

[Event "ICC tourney 2189 (3 2)"]
[Site "Internet Chess Club"]
[Date "2020.12.09"]
[Round "5"]
[White "ChalsparoV"]
[Black "sapolion"]
[Result "1-0"]
[ICCResult "Black resigns"]
[WhiteElo "1569"]
[BlackElo "1594"]
[Opening "King's Indian: East Indian defense"]
[ECO "A48"]
[NIC "QP.06"]
[Time "21:27:06"]
[PlyCount "95"]
[TimeControl "180+2"]


1. d4 Nf6 2. Nf3 g6 3. Nc3 Bg7 4. h4 d6 5. Bf4 Bg4 6. e3 Nbd7 7. Be2 Bxf3
8. Bxf3 c6 9. a4 O-O 10. h5 e5 11. dxe5 dxe5 12. Bg5 h6 13. Bxf6 Nxf6 14.
hxg6 Qxd1+ 15. Rxd1 fxg6 16. Ne4 Nxe4 17. Bxe4 g5 18. Ke2 Rf7 19. Rd6 Raf8
20. f3 Rf6 21. Rd7 R8f7 22. Rhd1 g4 23. Rd8+ Bf8 24. R1d7 gxf3+ 25. Bxf3
Kg7 26. Bh5 Rxd7 27. Rxd7+ Kg8 28. Rxb7 Bc5 29. c3 Rf5 30. g4 Rf6 31. b4
Bb6 32. a5 Bd8 33. Rxa7 Rd6 34. Be8 Kf8 35. Rd7 Be7 36. Rxd6 Bxd6 37. Bxc6
Ke7 38. b5 Kd8 39. Kf3 Ba3 40. Ke4 Bb2 41. c4 Bc3 42. a6 Kc7 43. Kd5 Kb8
44. c5 Ka7 45. Bb7 h5 46. b6+ Kb8 47. Bc6 hxg4 48. a7+ { Black resigns }
1-0

[Event "ICC tourney 2189 (3 2)"]
[Site "Internet Chess Club"]
[Date "2020.12.09"]
[Round "5"]
[White "Alec-hine"]
[Black "andrewj508"]
[Result "1-0"]
[ICCResult "Black resigns"]
[WhiteElo "1600"]
[BlackElo "1270"]
[Opening "QGD: Ragozin variation"]
[ECO "D38"]
[NIC "NI.27"]
[Time "21:27:35"]
[PlyCount "89"]
[TimeControl "180+2"]


1. d4 d5 2. c4 e6 3. Nf3 Nf6 4. Nc3 Bb4 5. Bg5 h6 6. Bxf6 Qxf6 7. e3 Bd7 8.
Bd3 dxc4 9. Bxc4 Nc6 10. O-O a6 11. Rc1 O-O 12. Ne4 Qg6 13. Bd3 Qh5 14. a3
Bd6 15. Nxd6 cxd6 16. Nd2 Qg5 17. Ne4 Qd5 18. Nc3 Qa5 19. Qe2 Ne7 20. Ne4
Bc6 21. f3 Rfd8 22. Bb1 Rac8 23. Qd2 Qxd2 24. Nxd2 Bb5 25. Rfe1 Nd5 26. Kf2
Kf8 27. g3 Nb6 28. b3 Ke7 29. a4 Bd7 30. e4 Be8 31. a5 Na8 32. Nc4 Bb5 33.
Na3 Bd7 34. Bd3 Nc7 35. Ke3 d5 36. Rc5 Bc6 37. Rec1 Ne8 38. e5 g6 39. Bxa6
Ng7 40. g4 h5 41. h3 hxg4 42. hxg4 Rh8 43. Bb5 Bxb5 44. Rxc8 Rh2 45. Nxb5 {
Black resigns } 1-0

[Event "ICC tourney 2189 (3 2)"]
[Site "Internet Chess Club"]
[Date "2020.12.09"]
[Round "5"]
[White "Kevinturtle"]
[Black "oksana213"]
[Result "1-0"]
[ICCResult "Black checkmated"]
[WhiteElo "1403"]
[BlackElo "949"]
[Opening "Scotch game"]
[ECO "C45"]
[NIC "SO.05"]
[Time "21:27:28"]
[PlyCount "103"]
[TimeControl "180+2"]


1. e4 e5 2. Nf3 Nc6 3. d4 exd4 4. Nxd4 Bc5 5. Be3 d6 6. Nxc6 bxc6 7. Bxc5
dxc5 8. Qxd8+ Kxd8 9. Nc3 Nf6 10. O-O-O+ Bd7 11. Bc4 Ke7 12. f4 Rhe8 13.
Rd2 Kf8 14. e5 Nd5 15. Nxd5 cxd5 16. Bxd5 c6 17. Bxf7 Kxf7 18. Rxd7+ Kg6
19. Rc7 Kf5 20. g3 g5 21. Rf1 Re6 22. Rxh7 gxf4 23. gxf4 Rb8 24. Rh5+ Ke4
25. Kd2 Rxb2 26. a3 Ra2 27. Rh3 Rg6 28. Re3+ Kf5 29. Rg3 Rh6 30. Rf2 Rh4
31. Rg5+ Ke4 32. Rg3 Rxf4 33. Re3+ Kf5 34. Rxf4+ Kxf4 35. e6 Rxc2+ 36. Kxc2
Kxe3 37. e7 c4 38. e8=Q+ Kd4 39. Qxc6 a5 40. a4 Ke3 41. Qxc4 Kf3 42. h4 Ke3
43. Qd5 Kf4 44. Qe6 Kg3 45. Qf5 Kxh4 46. Kd3 Kg3 47. Ke3 Kg2 48. Qf3+ Kh2
49. Kf4 Kg1 50. Qe2 Kh1 51. Kg3 Kg1 52. Qg2# { Black checkmated } 1-0

[Event "ICC tourney 2189 (3 2)"]
[Site "Internet Chess Club"]
[Date "2020.12.09"]
[Round "6"]
[White "chesswarriors12"]
[Black "ChalsparoV"]
[Result "0-1"]
[ICCResult "White checkmated"]
[WhiteElo "1431"]
[BlackElo "1569"]
[Opening "Queen's bishop game"]
[ECO "D02"]
[NIC "QP.08"]
[Time "21:43:48"]
[PlyCount "52"]
[TimeControl "180+2"]


1. d4 d5 2. Nf3 Nf6 3. Bf4 e6 4. e3 c5 5. Bd3 Qb6 6. b3 Nc6 7. c4 cxd4 8.
cxd5 Bb4+ 9. Nbd2 Nxd5 10. Qe2 Nc3 11. Qf1 O-O 12. h4 f6 13. h5 e5 14. Bg3
e4 15. h6 g6 16. Bc4+ Kh8 17. exd4 Nxd4 18. Nxd4 Qxd4 19. Bf4 Nd5 20. Bxd5
Qxa1+ 21. Ke2 Qd4 22. Bc4 b5 23. Bxb5 Bg4+ 24. f3 exf3+ 25. Ke1 Qxf4 26.
gxf3 Qxd2# { White checkmated } 0-1

[Event "ICC tourney 2189 (3 2)"]
[Site "Internet Chess Club"]
[Date "2020.12.09"]
[Round "6"]
[White "sapolion"]
[Black "Kevinturtle"]
[Result "1-0"]
[ICCResult "Black forfeits on time"]
[WhiteElo "1594"]
[BlackElo "1403"]
[Opening "Sicilian: dragon, Yugoslav attack, 10.O-O-O"]
[ECO "B78"]
[NIC "SI.18"]
[Time "21:43:41"]
[PlyCount "53"]
[TimeControl "180+2"]


1. e4 c5 2. Nf3 d6 3. d4 cxd4 4. Nxd4 Nf6 5. Nc3 g6 6. Be3 Bg7 7. f3 O-O 8.
Qd2 Nc6 9. Bc4 Bd7 10. O-O-O Rc8 11. Bb3 a5 12. a3 Ne5 13. Kb1 Nc4 14. Bxc4
Rxc4 15. b3 Rc8 16. h4 Qc7 17. Nd5 Nxd5 18. exd5 e5 19. Ne2 Bf5 20. Rc1 b5
21. g4 Bd7 22. h5 a4 23. Bh6 axb3 24. cxb3 Qa7 25. Bxg7 Kxg7 26. hxg6 Rxc1+
27. Qxc1 { Black forfeits on time } 1-0

[Event "ICC tourney 2189 (3 2)"]
[Site "Internet Chess Club"]
[Date "2020.12.09"]
[Round "6"]
[White "chessfidebullet"]
[Black "EntropyDarkEn"]
[Result "1-0"]
[ICCResult "Black resigns"]
[WhiteElo "1289"]
[BlackElo "1264"]
[Opening "Sicilian defense"]
[ECO "B30"]
[NIC "SI.31"]
[Time "21:44:30"]
[PlyCount "53"]
[TimeControl "180+2"]


1. e4 c5 2. Nf3 Nc6 3. c3 Nf6 4. d3 e6 5. Bg5 h6 6. Bh4 g5 7. Bg3 d5 8. e5
Nh5 9. d4 Nxg3 10. hxg3 Qb6 11. Qd2 Bg7 12. Na3 f6 13. Nb5 fxe5 14. dxc5
Qxc5 15. Nc7+ Kd7 16. Nxa8 b6 17. Nxb6+ axb6 18. Qc2 e4 19. Nd2 Nd4 20.
Qa4+ Nc6 21. Bb5 Bb7 22. Bxc6+ Bxc6 23. Qa7+ Kd6 24. Qxg7 e3 25. Nb3 exf2+
26. Kd2 Qc4 27. Qxh8 { Black resigns } 1-0

[Event "ICC tourney 2189 (3 2)"]
[Site "Internet Chess Club"]
[Date "2020.12.09"]
[Round "6"]
[White "andrewj508"]
[Black "PotatoCaboose"]
[Result "1-0"]
[ICCResult "Black checkmated"]
[WhiteElo "1270"]
[BlackElo "1050"]
[Opening "Queen's pawn"]
[ECO "A40"]
[NIC "QO.17"]
[Time "21:44:08"]
[PlyCount "77"]
[TimeControl "180+2"]


1. d4 e6 2. Bf4 f5 3. e3 d6 4. Nc3 Nf6 5. Bc4 Be7 6. Nf3 O-O 7. O-O Qe8 8.
Re1 Qg6 9. h3 Nh5 10. Bh2 d5 11. Bf1 c6 12. Ne5 Qg5 13. f4 Qh4 14. Nf3 Qf6
15. g4 fxg4 16. hxg4 Qg6 17. Ne5 Qf6 18. gxh5 Nd7 19. Ng4 Qf5 20. Nf2 Bh4
21. Bd3 Bxf2+ 22. Kxf2 Qh3 23. Bg3 Nf6 24. Be2 Ne4+ 25. Nxe4 dxe4 26. Bg4
e5 27. Bxh3 Bxh3 28. dxe5 Rad8 29. Qe2 Rd7 30. Rad1 Rdf7 31. Rh1 Be6 32. b3
b5 33. h6 g6 34. Bh4 Rf5 35. Bf6 g5 36. Rhg1 g4 37. Qxg4+ Kf7 38. Qg7+ Ke8
39. Rd8# { Black checkmated } 1-0

[Event "ICC tourney 2189 (3 2)"]
[Site "Internet Chess Club"]
[Date "2020.12.09"]
[Round "6"]
[White "Green-Lantern"]
[Black "Alec-hine"]
[Result "1-0"]
[ICCResult "Black checkmated"]
[WhiteElo "1749"]
[BlackElo "1600"]
[Opening "French: advance, Milner-Barry gambit"]
[ECO "C02"]
[NIC "FR.03"]
[Time "21:43:44"]
[PlyCount "85"]
[TimeControl "180+2"]


1. e4 e6 2. d4 d5 3. e5 c5 4. c3 Nc6 5. Nf3 Qb6 6. Bd3 cxd4 7. cxd4 Bd7 8.
O-O Nxd4 9. Nbd2 Nxf3+ 10. Nxf3 Ne7 11. Be3 Qc7 12. Rc1 Nc6 13. Qa4 Be7 14.
Qg4 Bf8 15. Qg3 Rc8 16. a3 h6 17. Rc2 Qd8 18. Rfc1 g6 19. h4 Bg7 20. Qf4
Qc7 21. Bxa7 Qa5 22. Bc5 Bf8 23. Bd6 Be7 24. b4 Qd8 25. b5 Na7 26. Bc7 Rxc7
27. Rxc7 O-O 28. Rxb7 Nc8 29. Qxh6 Re8 30. Bxg6 fxg6 31. Qxg6+ Kh8 32. Qh6+
Kg8 33. Qg6+ Kh8 34. Ng5 Bxg5 35. hxg5 Qe7 36. Rcc7 Rd8 37. Qh6+ Kg8 38.
Qg6+ Kh8 39. Qf6+ Qxf6 40. exf6 Be8 41. Rh7+ Kg8 42. Rbg7+ Kf8 43. Rh8# {
Black checkmated } 1-0

[Event "ICC tourney 2189 (3 2)"]
[Site "Internet Chess Club"]
[Date "2020.12.09"]
[Round "7"]
[White "ChalsparoV"]
[Black "andrewj508"]
[Result "1-0"]
[ICCResult "Black checkmated"]
[WhiteElo "1569"]
[BlackElo "1270"]
[Opening "Queen's bishop game"]
[ECO "D02"]
[NIC "QP.08"]
[Time "21:58:01"]
[PlyCount "109"]
[TimeControl "180+2"]


1. d4 d5 2. Nf3 Nf6 3. Bf4 Bf5 4. e3 e6 5. Nbd2 c5 6. c3 Nc6 7. Bb5 Qb6 8.
Qa4 Rc8 9. Ne5 Be7 10. Bg5 a6 11. Bxc6+ bxc6 12. b3 cxd4 13. exd4 h6 14.
Bh4 O-O 15. Bxf6 Bxf6 16. Nd7 Qb7 17. Nxf8 Rxf8 18. O-O Bd3 19. Rfe1 Be7
20. b4 Bb5 21. Qc2 Bd6 22. a4 Bc4 23. Nxc4 dxc4 24. Qe4 Qc7 25. g3 Rb8 26.
Qe2 a5 27. Qxc4 axb4 28. Reb1 bxc3 29. Qxc3 e5 30. Rxb8+ Qxb8 31. Qxc6 exd4
32. Rd1 Be5 33. Qb5 Qd6 34. a5 Bf6 35. a6 Qd8 36. a7 Kh7 37. Qb8 Qe7 38.
a8=Q Qe2 39. Qb1+ g6 40. Qd3 Qe5 41. Qxd4 Qxd4 42. Rxd4 Bxd4 43. Qf8 Bg7
44. Qxf7 h5 45. h4 Kh6 46. Kg2 Kh7 47. Kf3 g5 48. Qxh5+ Kg8 49. hxg5 Kf8
50. g6 Kg8 51. Qf5 Kh8 52. Kg4 Kg8 53. Qf7+ Kh8 54. Qe8+ Bf8 55. Qxf8# {
Black checkmated } 1-0

[Event "ICC tourney 2189 (3 2)"]
[Site "Internet Chess Club"]
[Date "2020.12.09"]
[Round "7"]
[White "PotatoCaboose"]
[Black "EntropyDarkEn"]
[Result "1-0"]
[ICCResult "Black resigns"]
[WhiteElo "1050"]
[BlackElo "1264"]
[Opening "Sicilian: Pelikan (Lasker/Sveshnikov) variation"]
[ECO "B33"]
[NIC "SI.35"]
[Time "21:58:01"]
[PlyCount "71"]
[TimeControl "180+2"]


1. e4 c5 2. Nf3 Nc6 3. d4 cxd4 4. Nxd4 Nf6 5. Nc3 e5 6. Nxc6 bxc6 7. Bc4
Bb4 8. Qd3 d5 9. exd5 cxd5 10. Bb5+ Bd7 11. Bxd7+ Qxd7 12. Bd2 O-O 13. a3
Bc5 14. Bg5 Qe6 15. Bxf6 e4 16. Qxd5 Bxf2+ 17. Kxf2 Qxf6+ 18. Ke2 Rad8 19.
Nxe4 Rfe8 20. Qc4 Qe6 21. Qxe6 Rxe6 22. Kf3 Rde8 23. Rad1 Rxe4 24. Rd7 Re3+
25. Kf4 a5 26. Ra7 R3e4+ 27. Kf3 a4 28. b4 axb3 29. cxb3 Re3+ 30. Kf2 Rxb3
31. Re1 Rb2+ 32. Kf1 Rc8 33. Rae7 g6 34. a4 Ra2 35. Re8+ Kg7 36. Rxc8 {
Black resigns } 1-0

[Event "ICC tourney 2189 (3 2)"]
[Site "Internet Chess Club"]
[Date "2020.12.09"]
[Round "7"]
[White "DrKnight01"]
[Black "AdityaBang"]
[Result "0-1"]
[ICCResult "White resigns"]
[WhiteElo "1216"]
[BlackElo "1408"]
[Opening "Pirc: Byrne variation"]
[ECO "B07"]
[NIC "PU.09"]
[Time "21:58:01"]
[PlyCount "68"]
[TimeControl "180+2"]


1. d4 d6 2. Nc3 Nf6 3. e4 g6 4. Bg5 Bg7 5. Nf3 h6 6. Bh4 O-O 7. Qd2 Nc6 8.
Bxf6 exf6 9. d5 Ne5 10. Nxe5 fxe5 11. Bd3 f5 12. O-O-O fxe4 13. Nxe4 Bf5
14. f3 Bxe4 15. Bxe4 Bf6 16. Kb1 Bg5 17. Qe2 Kg7 18. h4 Bxh4 19. Rdg1 Bg5
20. g4 Qf6 21. Qd3 c5 22. dxc6 bxc6 23. Bxc6 Rab8 24. Be4 Rb6 25. Qc4 Rfb8
26. b3 a5 27. Rf1 Rb4 28. Qc7+ Kg8 29. Bd5+ Kh8 30. Qxa5 Qf4 31. Qc7 Qd2
32. Qxd6 Rd8 33. Qxe5+ Kh7 34. Qxg5 Qxg5 { White resigns } 0-1

[Event "ICC tourney 2189 (3 2)"]
[Site "Internet Chess Club"]
[Date "2020.12.09"]
[Round "7"]
[White "sapolion"]
[Black "Green-Lantern"]
[Result "0-1"]
[ICCResult "White forfeits on time"]
[WhiteElo "1594"]
[BlackElo "1749"]
[Opening "Caro-Kann: advance variation"]
[ECO "B12"]
[NIC "CK.04"]
[Time "21:58:01"]
[PlyCount "72"]
[TimeControl "180+2"]


1. e4 c6 2. d4 d5 3. e5 Bf5 4. h4 h5 5. Bd3 g6 6. Bxf5 gxf5 7. e6 fxe6 8.
Nf3 Bg7 9. Qe2 Qd6 10. g3 Nh6 11. Bf4 Qd7 12. Nbd2 Ng4 13. Ne5 Bxe5 14.
Bxe5 Nxe5 15. Qxe5 Rg8 16. O-O-O Qd6 17. Qe2 Na6 18. Qxh5+ Kd7 19. Nb3 Raf8
20. Qe2 c5 21. Rhe1 c4 22. Nc5+ Nxc5 23. dxc5 Qa6 24. Kb1 Rf6 25. h5 Rh6
26. c3 Rgh8 27. Rh1 Qb5 28. Rh4 a5 29. Qe3 Rxh5 30. Rxh5 Rxh5 31. Re1 Qc6
32. Qd4 a4 33. Rd1 Rg5 34. Qxc4 Rg4 35. Qe2 Qxc5 36. Qd2 b5 { White
forfeits on time } 0-1

[Event "ICC tourney 2189 (3 2)"]
[Site "Internet Chess Club"]
[Date "2020.12.09"]
[Round "7"]
[White "Kevinturtle"]
[Black "chesswarriors12"]
[Result "1-0"]
[ICCResult "Black checkmated"]
[WhiteElo "1403"]
[BlackElo "1431"]
[Opening "Four knights: Scotch, 4...exd4"]
[ECO "C47"]
[NIC "RG.01"]
[Time "21:58:01"]
[PlyCount "139"]
[TimeControl "180+2"]


1. e4 e5 2. Nf3 Nf6 3. Nc3 Nc6 4. d4 exd4 5. Nxd4 Bc5 6. Be3 d6 7. Nxc6
bxc6 8. Bxc5 dxc5 9. Qxd8+ Kxd8 10. O-O-O+ Ke7 11. Bc4 Be6 12. Bb3 Rhe8 13.
f3 Red8 14. Rxd8 Rxd8 15. Rd1 Bxb3 16. axb3 Rxd1+ 17. Kxd1 Nd7 18. Kd2 Ke6
19. Ke3 Ne5 20. h3 Ng6 21. Na4 Kd6 22. Nc3 Ne7 23. Kf4 Ng6+ 24. Ke3 h6 25.
g3 Ne7 26. h4 Ke6 27. f4 g6 28. Na4 Kd6 29. e5+ Kd7 30. Nxc5+ Kc8 31. Ke4
Nf5 32. g4 Nxh4 33. Nd3 Ng2 34. b4 h5 35. gxh5 gxh5 36. Nf2 Nh4 37. Nh3 Kd7
38. f5 Ke7 39. Kf4 Ng2+ 40. Kg5 Ne3 41. Nf4 h4 42. f6+ Kd7 43. Kxh4 Nxc2
44. Nd3 Ke6 45. Kg4 Ne3+ 46. Kf4 Nd5+ 47. Ke4 Kd7 48. Nc5+ Kc8 49. Nd3 Kd8
50. Nc5 Nxb4 51. Kf5 Ke8 52. e6 fxe6+ 53. Kxe6 Nd5 54. f7+ Kf8 55. Nd7+ Kg7
56. f8=Q+ Kg6 57. Qf7+ Kg5 58. Qg7+ Kf4 59. Qe5+ Kf3 60. Qf5+ Nf4+ 61. Ke5
Kg2 62. Qxf4 c5 63. Ke4 c4 64. Ke3 c3 65. bxc3 a5 66. Nc5 a4 67. Nxa4 c5
68. Qg5+ Kh2 69. Kf2 c4 70. Qg2# { Black checkmated } 1-0